 Dungeon Crawl Stone Soup version 0.30-a0-122-g2a1322497e (webtiles) character file.

Game seed: 3847083409615977216

3 blackman the Caller (level 1, -3/7 HPs)
             Began as a Felid Summoner on Sept 16, 2022.
             Slain by a hobgoblin (5 damage)
             ... on level 1 of the Dungeon.
             The game lasted 00:00:36 (375 turns).

blackman the Caller (Felid Summoner)                 Turns: 375, Time: 00:00:37

Health: -3/7       AC:  1    Str:  4    XL:     1   Next: 41%
Magic:  2/4        EV: 17    Int: 16    God:
Gold:   20         SH:  0    Dex: 16    Spells: 3/4 levels left
                                        Lives:  0   Deaths: 0

rFire   . . .      SeeInvis +    (weapon unavailable)
rCold   . . .      Faith    .    (shield unavailable)
rNeg    . . .      Spirit   .    (body armour unavailable)
rPois   .          Reflect  .    (helmet unavailable)
rElec   .          Harm     .    (cloak unavailable)
rCorr   .          Rampage  .    (gloves unavailable)
Will    .....                    (boots unavailable)
Stlth   ++........               (no amulet)
HPRegen 0.02/turn                (no ring)
MPRegen 0.09/turn                (no ring)

@: quick
A: very small, claws 1, fangs 3, see invisible, speed 1, shaggy fur 1, stealthy
paws, no weapons or thrown items, no armour, multi-lived
a: no special abilities


You were on level 1 of the Dungeon.
You visited 1 branch of the dungeon, and saw 1 of its levels.

You collected 20 gold pieces.

Inventory:

Potions
 a - 2 potions of magic


   Skills:
 - Level 2.6 Dodging
 - Level 2.6 Stealth
 + Level 2.1 Spellcasting
 + Level 4.1 Summonings


You had 3 spell levels left.
You knew the following spells:

 Your Spells              Type           Power      Damage    Failure   Level
a - Summon Small Mammal   Summ           56%        N/A       3%          1

Your spell library contained the following spells:

 Spells                   Type           Power      Damage    Failure   Level
 Call Imp                 Summ           14%        N/A       6%          2
 Call Canine Familiar     Summ           14%        N/A       12%         3
 Summon Guardian Golem    Hex/Summ       8%         N/A       26%         3
 Summon Lightning Spire   Summ/Air       8%         N/A       65%         4


Dungeon Overview and Level Annotations

Branches:
Dungeon (1/15)

Altars:


Innate Abilities, Weirdness & Mutations

You have sharp claws.
You have razor-sharp teeth.
You have supernaturally acute eyesight. (SInv)
You cover ground quickly. (Speed+)
You are covered in fur. (AC +1)
Your paws help you pounce on unaware monsters.
You are incapable of wielding weapons or throwing items.
You cannot wear armour.
You gain extra lives every three experience levels.


Message History

You now have 20 gold pieces (gained 7).
You swap places.
Key pressed, stopping explore.
You swap places.
Found an escape hatch in the floor.
You swap places.
Your rat disappears in a puff of smoke!
Found a robe.
Your bat disappears in a puff of smoke!
An endoplasm comes into view.
An endoplasm is nearby!
An endoplasm is nearby!
An endoplasm is nearby!
A hobgoblin comes into view.
Casting: Summon Small Mammal (safe; 3% risk of failure)
Confirm with . or Enter, or press ? or * to list all spells.
Casting: Summon Small Mammal (safe; 3% risk of failure)
Confirm with . or Enter, or press ? or * to list all spells.
A ball python comes into view.
The hobgoblin shouts!
Found a scroll labelled WAVOUPNYAFF.
You swap places.
A giant cockroach comes into view.
The endoplasm misses you.
You scratch the endoplasm but do no damage.
The endoplasm barely misses you.
You swap places.
Your rat bites the endoplasm but does no damage.
The endoplasm barely misses your rat.
You scratch the hobgoblin.
The hobgoblin is almost dead.
The hobgoblin hits you.
Ouch! That really hurt!
* * * LOW HITPOINT WARNING * * *
You barely miss the hobgoblin.
The hobgoblin is almost dead.
Your quokka bites the endoplasm.
Your rat bites the endoplasm.
The hobgoblin hits you.
Ouch! That really hurt!
You die...

#....#.†.#....#.#
#..#####...####.##### ..
#....#.## #.#...####..
......####..###.#.........
#...######..#......#####
#.............#....# ..
.............>..##### .
......................
#........##r@g..######
.###########J#..[..?
#....Sr#.......
#....###....... B.....
#g...... ..... ........
##... ....... #.. #..


You could see an endoplasm (distracted, ally target), a hobgoblin, a ball
python, a friendly quokka (summoned) and a friendly rat (summoned).

Vanquished Creatures
  A rat (D:1)
1 creature vanquished.

Vanquished Creatures (collateral kills)
  2 goblins (D:1)
2 creatures vanquished.

Grand Total: 3 creatures vanquished

Notes
Turn   | Place    | Note
-------+----------+-------------------------------------------
     0 | D:1      | blackman the Felid Summoner began the quest for the Orb.
     0 | D:1      | Reached XP level 1. HP: 7/7 MP: 4/4
   375 | D:1      | Slain by a hobgoblin

Illustrated notes

Levels and vault maps discovered:
D:1:      tarquinn_simple_flora_water_c, layout_rooms

Action                   || total
-------------------------++-------
Melee: Unarmed           ||     8
       Bite              ||     1
 Cast: Summon Small Mamm ||    10
Armor: Skin              ||     1
Dodge: Dodged            ||     7

Table legend: (Time is in decaauts)
 A = Elapsed time spent in this place.
 B = Non-inter-level travel time spent in this place.
 C = Inter-level travel time spent in this place.
 D = Time resting spent in this place.
 E = Time spent auto-exploring this place.
 F = Levels seen in this place.
 G = Mean time per level.
                   A        B        C        D        E       F      G
               +--------+--------+--------+--------+--------+-----+--------+
         Total |    360 |    360 |      0 |      0 |    314 |   1 |  360.0 |
       Dungeon |    360 |    360 |      0 |      0 |    314 |   1 |  360.0 |
               +--------+--------+--------+--------+--------+-----+--------+

Top non-repeatable levels by time:
     D:1: 360 daAuts
